 Dungeon Crawl Stone Soup version 0.27.1-34-g3ba077fa99 (webtiles) character file.

Game seed: 13519361197914444910

11 Delamore the Sneak (level 2, -7/19 HPs)
             Began as an Octopode Brigand on Feb 7, 2022.
             Mangled by a scorpion (8 damage)
             ... on level 2 of the Dungeon.
             The game lasted 00:00:48 (673 turns).

Delamore the Sneak (Octopode Brigand)                Turns: 673, Time: 00:00:49

Health: -7/19      AC:  1    Str: 10    XL:     2   Next: 29%
Magic:  2/2        EV: 12    Int: 13    God:
Gold:   82         SH:  0    Dex: 13    Spells: 1/1 levels left

rFire    . . .     SeeInvis .   a - +2 dagger
rCold    . . .     Faith    .   (no shield)
rNeg     . . .     Spirit   .   (helmet restricted)
rPois    .         Reflect  .   (no amulet)
rElec    .         Harm     .   (no ring)
rCorr    .         Rampage  .   (no ring)
Will     .....                  (no ring)
Stlth    ++++......             (no ring)
HPRegen  0.06/turn              (no ring)
MPRegen  0.08/turn              (no ring)
                                (no ring)
                                (no ring)

@: no status effects
A: almost no armour, amphibious, 8 rings, camouflage 1, gelatinous body 1,
(nimble swimmer 1), tentacles
a: no special abilities


You were on level 2 of the Dungeon.
You visited 1 branch of the dungeon, and saw 2 of its levels.

You collected 82 gold pieces.

Inventory:

Hand Weapons
 a - a +2 dagger (weapon)
Missiles
 b - 3 poisoned darts (quivered)
 c - 2 curare-tipped darts
Scrolls
 e - a scroll of magic mapping
 f - a scroll of enchant armour
 g - a scroll of fear
 j - a scroll of noise {unknown}
 k - a scroll of identify
Potions
 d - a potion of curing {unknown}
 h - a potion of lignification {unknown}
 i - a potion of invisibility {unknown}


   Skills:
 - Level 2.0 Fighting
 + Level 2.3 Short Blades
 - Level 2.0 Throwing
 - Level 1.0 Dodging
 * Level 5.9 Stealth


You had one spell level left.
You didn't know any spells.
Your spell library was empty.

Dungeon Overview and Level Annotations

Branches:
Dungeon (2/15)

Altars:


Innate Abilities, Weirdness & Mutations

You cannot wear most types of armour.
You are amphibious.
You can wear up to eight rings at the same time.
Your skin changes colour to match your surroundings (Stealth+).
Your rubbery body absorbs attacks. (AC +1, EV +1)
((You are camouflaged near water. (Stealth+)))
You have tentacles for arms and can constrict up to eight enemies at once.


Message History

A scorpion is nearby!
A scorpion is nearby!
A scorpion is nearby!
You see here a +0 dagger.
You see here a +0 dagger.
You throw a poisoned dart.
The poisoned dart barely misses the scorpion.
You hear a splash.
You throw a poisoned dart. The poisoned dart hits the scorpion.
The scorpion is poisoned.
You hear a splash.
You throw a poisoned dart.
The poisoned dart closely misses the scorpion.
You throw a poisoned dart.
The poisoned dart closely misses the scorpion.
You hear a splash.
You throw a poisoned dart.
The poisoned dart closely misses the scorpion.
The scorpion looks more healthy.
You see here 2 poisoned darts.
No target in view!
No target in view!
The scorpion stings you!
You hit the scorpion. You grab the scorpion.
The scorpion is almost dead.
You constrict the scorpion, but do no damage.
The scorpion misses you.
You hit the scorpion but do no damage.
The scorpion is almost dead.
You constrict the scorpion, but do no damage.
The scorpion closely misses you.
You hit the scorpion but do no damage.
The scorpion is almost dead.
You constrict the scorpion, but do no damage.
The scorpion stings you!
* * * LOW HITPOINT WARNING * * *
You release your grip on the scorpion.
Found a scroll of identify and a book of Armaments.
The scorpion stings you!
You die...

#:..≈≈≈≈≈≈.?.#
...≈≈≈≈≈≈≈...
.≈≈≈≈≈≈≈≈... #
.P≈≈≈≈≈≈≈≈.. .#
.P≈≈≈≈≈≈P..##.#
...≈≈≈≈≈≈≈.....
..≈≈≈≈≈≈P≈..# ##
...≈≈≈≈≈≈@..#....
.....≈P≈≈P≈≈s.......
.....≈≈≈≈≈≈≈.#.##.##
....P≈≈≈≈≈...#.##..
#..≈≈≈≈≈≈........#
#.≈≈≈≈≈≈..###....
#$.P≈≈P≈..# ..#
#.≈≈≈≈..## ..#
#.≈)≈.≈.##


You could see a scorpion.

Vanquished Creatures
  A giant cockroach (D:2)
  4 goblins
  A hobgoblin (D:1)
  A quokka (D:1)
  A bat (D:1)
  2 rats
10 creatures vanquished.

Notes
Turn   | Place    | Note
-------+----------+-------------------------------------------
     0 | D:1      | Delamore the Octopode Brigand began the quest for the Orb.
     0 | D:1      | Reached XP level 1. HP: 14/14 MP: 1/1
   429 | D:1      | Reached XP level 2. HP: 19/19 MP: 2/2
   619 | D:2      | Noticed a scorpion
   673 | D:2      | Mangled by a scorpion

Illustrated notes

Levels and vault maps discovered:
D:1:      dpeg_arrival_rhombus, layout_basic
D:2:      layout_basic, shapermc_ecumenical_altar_ellora, chequers_big_river,
          roderic_lattice_a, uniq_terence

Action                   || total
-------------------------++-------
Melee: Dagger            ||    17
       Constrict         ||     5
       Tentacles         ||     2
Throw: Dart              ||     5
  Use: Scroll            ||     3
 Stab: Sleeping          ||     5
Armor: Skin              ||     1
Dodge: Dodged            ||     2
